 Dungeon Crawl Stone Soup version 0.24.0-1-gfbc8707122 (webtiles) character file.

Game seed: 12954732149432673076, levelgen mode: deterministic

69148 Monsterracer the Grappler (level 14, -6/122 HPs)
             Began as a Demonspawn Abyssal Knight on Oct 26, 2019.
             Was the Champion of Lugonu.
             Mangled by Saint Roka
             ... wielding a +0 great sword of electrocution
              (10 damage)
             ... on level 2 of the Orcish Mines.
             The game lasted 00:40:13 (29755 turns).

Monsterracer the Grappler (DsAK)                   Turns: 29755, Time: 00:40:14

Health: -6/122     AC: 24    Str: 20    XL:     14   Next: 89%
Magic:  0/23       EV:  9    Int: 19    God:    Lugonu [******]
Gold:   567        SH: 18    Dex: 16    Spells: 5/13 levels left

rFire    . . .     SeeInvis .     - Unarmed
rCold    . . .     Gourm    .   G - +2 large shield
rNeg     . . .     Faith    .   S - +5 chain mail "Hero's Friend" {Dex+3}
rPois    +         Spirit   +   Q - +2 helmet {Int+3}
rElec    .         Reflect  .   O - scarf {repulsion}
rCorr    .         Harm     .   (no gloves)
MR       +....                  A - +2 pair of boots
Stlth    ..........             i - amulet of guardian spirit
HPRegen  0.30/turn              P - ring of poison resistance
MPRegen  0.18/turn              n - +5 ring of strength

@: repel missiles
A: claws 2, yellow scales 1, powered by death 1, robust 1, spiny 2
a: Depart the Abyss, Bend Space, Banish, Corrupt, Enter the Abyss, Brand Weapon
With Distortion, Renounce Religion


You were on level 2 of the Orcish Mines.
You worshipped Lugonu.
Lugonu was exalted by your worship.
You were very hungry.

You visited 4 branches of the dungeon, and saw 24 of its levels.
You visited the Abyss 1 time.
You also visited: Sewer.

You collected 2203 gold pieces.
You spent 1636 gold pieces at shops.

Inventory:

Armour
 k - a +0 buckler
   (You found it on level 9 of the Dungeon)
 l - a +1 pair of gloves of strength
   (You acquired it on level 11 of the Dungeon)
 A - a +2 pair of boots (worn)
   (You found it on level 9 of the Dungeon)
 G - a +2 large shield (worn)
   (You found it on level 9 of the Dungeon)
 N - a +2 scale mail of magic resistance
   (You found it on level 15 of the Dungeon)
 O - a scarf of repulsion (worn)
   (You found it on level 5 of the Dungeon)
 Q - a +2 helmet of intelligence (worn)
   (You found it on level 11 of the Dungeon)
 S - the +5 chain mail "Hero's Friend" (worn) {Dex+3}
   (You bought it in a shop on level 2 of the Orcish Mines)

   It affects your dexterity (+3).
Magical Staves
 b - an uncursed staff of energy {!a}
   (You found it on level 3 of the Lair of Beasts)
Jewellery
 i - an amulet of guardian spirit (around neck)
   (You found it on level 1 of the Dungeon)
 n - a +5 ring of strength (right claw)
   (You found it on level 6 of the Lair of Beasts)
 y - an uncursed ring of resist corrosion
   (You found it on level 9 of the Dungeon)
 E - an uncursed ring of ice
   (You found it on level 7 of the Dungeon)
 P - a ring of poison resistance (left claw)
   (You found it on level 1 of the Dungeon)
Wands
 a - a wand of polymorph (13)
   (You found it on level 5 of the Lair of Beasts)
 p - a wand of paralysis (16)
   (You took it off a gnoll on level 7 of the Dungeon)
 s - a wand of flame (38)
   (You found it on level 3 of the Dungeon)
 u - a wand of digging (7)
   (You bought it in a shop on level 2 of the Orcish Mines)
 w - a wand of scattershot (2)
   (You found it on level 8 of the Dungeon)
 F - a wand of disintegration (17)
   (You found it on level 10 of the Dungeon)
Scrolls
 m - 5 scrolls of magic mapping
 o - 4 scrolls of amnesia
 r - 8 scrolls of remove curse
 t - 8 scrolls of teleportation {!r}
 v - 2 scrolls of fear {!r}
 C - 3 scrolls of fog
 X - 4 scrolls of blinking
Potions
 d - a potion of heal wounds
 e - 3 potions of curing
 f - a potion of degeneration {unknown}
 g - 4 potions of agility
 h - 4 potions of haste
 j - 2 potions of might
 q - a potion of mutation {!q}
 x - 4 potions of lignification
 z - 4 potions of brilliance
 B - 4 potions of ambrosia {!q}
 K - a potion of resistance
 L - 5 potions of flight
 M - 2 potions of berserk rage {!q}
 R - a potion of magic
Miscellaneous
 D - a lamp of fire (inert)
   (You found it on level 10 of the Dungeon)
Comestibles
 c - 33 rations


   Skills:
 + Level 10.8 Fighting
   Level 3.1 Axes
 + Level 7.5 Armour
 + Level 7.7 Dodging
 + Level 7.7 Shields
 * Level 14.6 Unarmed Combat
 * Level 12.5 Invocations
 + Level 6.8 Evocations


You had 5 spell levels left.
You knew the following spells:

 Your Spells              Type           Power        Failure   Level  Hunger
a - Confusing Touch       Hex            #.....       100%        1    ##.....
b - Summon Lightning Spi  Summ/Air       #.......     100%        4    #####..
e - Blink                 Tloc           N/A          100%        2    ###....
z - Apportation           Tloc           #.....       100%        1    ##.....

Your spell library contained the following spells:

 Spells                   Type           Power        Failure   Level  Hunger
 Animate Skeleton         Necr           N/A          100%        1    ##.....
 Magic Dart               Conj           #...         100%        1    ##.....
 Pain                     Necr           #...         100%        1    ##.....
 Sting                    Conj/Pois      #...         100%        1    ##.....
 Summon Small Mammal      Summ           #...         100%        1    ##.....
 Call Imp                 Summ           #.......     100%        2    ###....
 Poisonous Vapours        Pois/Air       #.....       100%        2    ###....
 Slow                     Hex            #.......     100%        2    ###....
 Sticks to Snakes         Tmut           #.......     100%        2    ###....
 Throw Flame              Conj/Fire      #.....       100%        2    ###....
 Call Canine Familiar     Summ           #.......     100%        3    ####...
 Confuse                  Hex            #.......     100%        3    ####...
 Conjure Flame            Conj/Fire      #.......     100%        3    ####...
 Gell's Gravitas          Tloc           #.........   100%        3    ####...
 Mephitic Cloud           Conj/Pois/Air  #.......     100%        3    ####...
 Regeneration             Chrm/Necr      #.........   100%        3    ####...
 Spider Form              Tmut/Pois      #.........   100%        3    ####...
 Summon Guardian Golem    Hex/Summ       #.......     100%        3    ####...
 Vampiric Draining        Necr           #.........   100%        3    ####...
 Animate Dead             Necr           N/A          100%        4    #####..
 Petrify                  Tmut/Erth      #.......     100%        4    #####..
 Summon Ice Beast         Ice/Summ       #.......     100%        4    #####..
 Throw Icicle             Conj/Ice       #.......     100%        4    #####..
 Bolt of Draining         Conj/Necr      #.........   100%        5    ######.
 Metabolic Englaciation   Hex/Ice        #.........   100%        5    ######.
 Venom Bolt               Conj/Pois      #.........   100%        5    ######.
 Yara's Violent Unravell  Hex/Tmut       #.........   100%        5    ######.
 Freezing Cloud           Conj/Ice/Air   #.........   100%        6    #######
 Dragon Form              Tmut           #.........   100%        7    #######


Dungeon Overview and Level Annotations

Branches:
Dungeon (15/15)            Temple (0/1) D:6            Lair (6/6) D:9
  Swamp (0/4) Lair:3       Spider (1/4) Lair:3        Slime (0/5) Lair:5
    Orc (2/2) D:12            Elf (0/3) Orc:2         Sewer (visited)
 Vaults: D:13-14     Depths: D:15

Altars:
Trog
Yredelemnul
Beogh
Jiyva

Shops:
D:5 *   D:11 ?   Orc:1 ?   Orc:2 :[(*[

Annotations:
D:2 1 runed translucent door
D:13 3 runed translucent doors, Dirphi Vium's ghost, journeyman MiBe; Gasan's ghost, journeyman DrFE; Ined's ghost, journeyman MiBe; qdestroyer's ghost, journeyman MiFi
D:15 corrupted
Lair:5 exclusions: ice statue and 3 oklob plants
Orc:2 Saint Roka
Abyss:1 Donald


Innate Abilities, Weirdness & Mutations

You have very sharp fingernails.
You are partially covered in yellow scales. (AC +2)
You regenerate a little health from kills.
You are robust. (+10% HP)
You are mostly covered in sharp spines.


Message History

Saint Roka calls down the wrath of Beogh upon you.
Beogh smites you!
Your shield and chain mail "Hero's Friend" prevent you from hitting Saint Roka.
Saint Roka is heavily wounded.
Saint Roka is engulfed in blazing flames.
Saint Roka barely misses you.
You scratch Saint Roka but do no damage.
Saint Roka is heavily wounded.
Saint Roka hits you with a +0 great sword of electrocution.
You are electrocuted!
You claw Saint Roka!
Saint Roka is heavily wounded.
Saint Roka is engulfed in blazing flames.
Saint Roka calls down the wrath of Beogh upon you.
Beogh smites you!
* * * LOW HITPOINT WARNING * * *
Unknown command.
Evoke which item? (* to show all) (? for menu, Esc to quit)
Aiming: Paralyse
Press: ? - help, Shift-Dir - straight line, f/p - Saint Roka
Aim: Saint Roka, wielding a +0 great sword of electrocution and wearing a +2 plate armour of fire resistance (flame, heavily wounded, chance to defeat MR: 17%)
Okay, then.
Saint Roka is nearby!
Evoke which item? (* to show all) (? for menu, Esc to quit)
Okay, then.
Okay, then.
You mangle Saint Roka!!
Saint Roka is severely wounded.
Unknown command.
You closely miss Saint Roka.
Saint Roka is severely wounded.
Saint Roka hits you with a +0 great sword of electrocution!
* * * LOW HITPOINT WARNING * * *
You barely miss Saint Roka.
Saint Roka is severely wounded.
Saint Roka is struck by your spines.
Saint Roka hits you with a +0 great sword of electrocution!!
* * * LOW HITPOINT WARNING * * *
Unknown command.
Unknown command.
Evoke which item? (* to show all) (? for menu, Esc to quit)
Aiming: Scattershot
Press: ? - help, Shift-Dir - straight line, f/p - Saint Roka
Aim: Saint Roka, wielding a +0 great sword of electrocution and wearing a +2 plate armour of fire resistance (flame, severely wounded)
The burst of metal fragments hits Saint Roka but does no damage. x2
The burst of metal fragments hits Saint Roka.
The burst of metal fragments hits Saint Roka but does no damage. x6
Saint Roka is severely wounded.
Saint Roka is engulfed in blazing flames.
Saint Roka hits you with a +0 great sword of electrocution.
* * * LOW HITPOINT WARNING * * *
Unknown command.
Unknown command.
Unknown command.
Evoke which item? (* to show all) (? for menu, Esc to quit)
Aiming: Disintegrate
Press: ? - help, Shift-Dir - straight line, f/p - Saint Roka
Aim: Saint Roka, wielding a +0 great sword of electrocution and wearing a +2 plate armour of fire resistance (flame, severely wounded, chance to defeat MR: 39%) Saint Roka is blasted!!
Evoke which item? (* to show all) (? for menu, Esc to quit)
Aiming: Disintegrate
Press: ? - help, Shift-Dir - straight line, f/p - Saint Roka
Aim: Saint Roka, wielding a +0 great sword of electrocution and wearing a +2 plate armour of fire resistance (flame, almost dead, chance to defeat MR: 39%) Saint Roka resists with some effort.
Saint Roka is engulfed in blazing flames.
You block Saint Roka's attack.
Evoke which item? (* to show all) (? for menu, Esc to quit)
Aiming: Disintegrate
Press: ? - help, Shift-Dir - straight line, f/p - Saint Roka
Aim: Saint Roka, wielding a +0 great sword of electrocution and wearing a +2 plate armour of fire resistance (flame, almost dead, chance to defeat MR: 39%) Saint Roka resists with some effort.
Saint Roka mumbles some strange prayers to Beogh against you.
Beogh smites you!
* * * LOW HITPOINT WARNING * * *
Unknown command.
Unknown command.
You feel much better.
Saint Roka is engulfed in blazing flames.
Saint Roka hits you with a +0 great sword of electrocution!!
* * * LOW HITPOINT WARNING * * *
Unknown command.
You feel much better.
Saint Roka is engulfed in blazing flames.
You block Saint Roka's attack.
You scratch Saint Roka.
Saint Roka is almost dead.
You scratch Saint Roka but do no damage.
Saint Roka is almost dead.
Saint Roka is engulfed in blazing flames.
Saint Roka mumbles some strange prayers to Beogh against you.
Beogh smites you!
* * * LOW HITPOINT WARNING * * *
Unknown command.
You closely miss Saint Roka.
Saint Roka is almost dead.
Saint Roka is engulfed in blazing flames.
Saint Roka hits you with a +0 great sword of electrocution!!
* * * LOW HITPOINT WARNING * * *
You are electrocuted!
You die...

.[[.[..........................#.
[[[.........................[....
[............####....[...........
.)..........)#_.#.#.......#####..
<)[.#.....#..#..#.........#...#..
#.).....#.#..#..#.........#.8.'..
###...#......#..#.(..[....#...#.#
##.......#..#'##o........#####.#
#....#....#....@......[#[[.....#
##....#.....[..).......##.######
###..........[....#...#....##
#.......##......[...#.....#
##....###.#...............##
##.....#....................#
#.....[....................##
##...............#.......###
##.............###.##.###


You could see Saint Roka.

Vanquished Creatures
  Kirke (Lair:4)
  An orc warlord (Orc:1)
  3 catoblepae (Lair:6 Lair:5)
  3 hydras (Lair:3 Lair:4 Lair:5)
  2 two-headed ogres (D:9 Orc:1)
  3 death yaks (Lair:6)
  An orc high priest (Orc:2)
  Sonja (Lair:2)
  An ugly thing (D:11)
  An orc knight (Orc:1)
  6 orc sorcerers (Orc:1 Orc:2)
  A cyclops (Orc:1)
  4 manticores (Lair:6 D:11 D:12)
  6 black mambas (Lair:2 Lair:3 Lair:4 Lair:5 Lair:6)
  11 elephants (Lair:2 Lair:4)
  2 centaur zombies (D:10 D:11)
  12 spiny frogs (Lair:1 Lair:2 Lair:3 Lair:4 Lair:6)
  The ghost of Gruesph the Cleaver, a novice MiBe of Trog (D:5)
  A gargoyle (D:11)
  4 centaur skeletons (D:10 D:12 D:15 D:14)
  4 rime drakes (Lair:1 Lair:3 Lair:4 Lair:5)
  A freezing wraith (Lair:5)
  12 komodo dragons (Lair:1 Lair:2 Lair:3 Lair:4 Lair:5)
  2 tengu conjurers (D:13)
  A queen bee (shapeshifter) (D:14)
  9 trolls (D:11 D:5 D:14 Orc:1 Orc:2)
  3 polar bears (Lair:4 Lair:5 Lair:6)
  A meliai (D:14)
  2 hornets (D:11 D:14)
  Grinder (D:4)
  7 dream sheep (Lair:4)
  5 slime creatures (D:14)
  17 blink frogs (Lair:4 Lair:6)
  11 hippogriffs (D:7 D:10 Lair:1 Lair:3 Lair:4)
  A wraith (D:12)
  A water elemental (D:14)
  50 yaks (Lair:2 Lair:4 Lair:6 Lair:5 D:11)
  5 vampire mosquitoes (D:12 D:13)
  3 hogs (Lair:4)
  4 basilisks (D:9 Lair:2 Lair:6)
  2 hungry ghosts (D:9 D:10)
  A warg (Orc:1)
  8 water moccasins (Lair:1 Lair:3 Lair:4 Lair:5 Lair:6)
  A soldier ant (D:8)
  8 porcupines (D:9 Lair:1 Lair:2 Lair:4 Lair:5)
  5 ice beasts (Lair:5 D:14)
  4 black bears (D:9)
  42 orc warriors (D:7 D:10 D:11 D:12 D:13)
  A sky beast (D:5)
  11 ogres (D:6 D:7 D:9 D:11 D:12)
  3 phantoms (D:5 D:7 D:11)
  10 centaurs (D:6 D:9 D:11 D:13)
  A necrophage (D:11)
  10 wolves (Lair:3 Lair:4)
  16 crocodiles (D:9 Lair:1 Lair:2 Lair:3 Lair:4)
  10 bullfrogs (Sewer D:8 D:9 Lair:1 Lair:2)
  A big kobold (D:10)
  A gnoll sergeant (Orc:2)
  A water moccasin skeleton (D:5)
  7 scorpions (D:5 D:6 D:7 D:9 D:12)
  6 killer bees (D:8)
  10 howler monkeys (D:6 D:8 D:10 D:11)
  8 wights (D:8 D:7)
  3 electric eels (D:6 Lair:3)
  A crimson imp (D:7)
  2 quasits (D:9 D:10)
  2 bullfrog skeletons (D:4 D:11)
  5 hounds (D:10 D:11)
  19 orc priests (D:7 D:8 D:10 Orc:1 Orc:2)
  A gnoll shaman (D:7)
  2 jellies (Lair:5 D:11)
  Crazy Yiuf (D:4)
  An iguana (D:12)
  35 orc wizards (D:6 D:7 D:10 D:11 Orc:1)
  7 worker ants (D:4 D:6 D:7 D:8 D:12)
  A killer bee zombie (D:9)
  Robin (D:3)
  2 hound skeletons (D:9 D:10)
  14 gnolls (D:3 D:7 Orc:2 Orc:1)
  23 adders (D:2 D:1 D:3 D:4 Sewer)
  3 shadow imps (D:5 D:7 D:10)
  4 white imps (Lair:5)
  18 oozes (Sewer Lair:5)
  An adder skeleton (D:5)
  3 worms (D:3 D:4 D:8)
  3 dart slugs (D:2)
  15 leopard geckos (D:1 D:2 Sewer D:7 D:8)
  108 orcs (D:6 D:7 D:8 D:9 D:10)
  14 ball pythons (Sewer D:5 D:6)
  16 giant cockroaches (D:1 D:2 D:3 D:4 Sewer)
  11 goblins (D:1 D:2 D:3)
  10 hobgoblins (D:1 D:2 D:3)
  10 jackals (D:1 D:2 D:3)
  3 quokkas (D:5 D:8)
  8 bats (D:1 D:2)
  20 frilled lizards (D:1 D:2 D:3 D:4 Sewer)
  A giant cockroach zombie (D:6)
  A jackal zombie (D:5)
  7 kobolds (D:1 D:2 D:10)
  A quokka skeleton (D:5)
  7 rats (D:1 D:3 D:8)
  A fungus (D:4)
757 creatures vanquished.

Vanquished Creatures (others)
  Rupert (D:15)
  A centaur warrior (D:15)
  2 tengu warriors (D:15)
  2 two-headed ogres (D:15 D:14)
  A deep elf mage (D:15)
  4 slime creatures (D:15)
  A crimson imp (D:15)
  An orc (D:15)
  2 bushes (D:9)
  4 fungi (D:9 Lair:2 Lair:4)
  22 plants (D:9 Lair:2 Lair:4 Lair:6)
  8 starspawn tentacles (D:15)
49 creatures vanquished.

Grand Total: 806 creatures vanquished

Notes
Turn   | Place    | Note
-------+----------+-------------------------------------------
     0 | Abyss:1  | Monsterracer the Demonspawn Abyssal Knight began the quest
                  | for the Orb.
     0 | Abyss:1  | Reached XP level 1. HP: 18/18 MP: 2/2
     8 | D:1      | Escaped the Abyss
   554 | D:1      | Gained mutation: You are partially covered in sharp spines.
                  | [demonic ancestry]
   554 | D:1      | Reached XP level 2. HP: 16/24 MP: 3/3
  1380 | D:1      | HP: 12/24 [adder (3)]
  1382 | D:1      | Reached XP level 3. HP: 10/30 MP: 1/4
  1385 | D:1      | Reached ** piety under Lugonu
  1385 | D:1      | HP: 9/30 [poisoned by an adder]
  1740 | D:2      | Gained mutation: You have sharp fingernails. [demonic
                  | ancestry]
  1740 | D:2      | Reached XP level 4. HP: 30/37 MP: 1/5
  1930 | D:2      | Found a runed translucent door.
  1930 | D:2      | Noticed a human
  1954 | D:2      | Found a basalt altar of Yredelemnul.
  2105 | D:2      | Reached skill level 1 in Unarmed Combat
  2360 | D:3      | Reached skill level 2 in Unarmed Combat
  2411 | D:3      | Noticed Robin
  2418 | D:3      | Reached *** piety under Lugonu
  2423 | D:3      | Killed Robin
  2423 | D:3      | Reached XP level 5. HP: 42/42 MP: 6/6
  2481 | D:3      | HP: 18/42 [gnoll/+0 spear (4)]
  2512 | D:2      | HP: 15/42 [jackal (1)]
  2707 | D:3      | Reached skill level 3 in Unarmed Combat
  3413 | D:3      | Found a faded altar of an unknown god.
  3584 | D:4      | Noticed Grinder
  3607 | D:4      | HP: 20/42 [Grinder (7)]
  3608 | D:4      | Killed Grinder
  3608 | D:4      | Reached skill level 5 in Unarmed Combat
  3608 | D:4      | Gained mutation: You are partially covered in yellow
                  | scales. (AC +2) [demonic ancestry]
  3608 | D:4      | Reached XP level 6. HP: 18/48 MP: 3/7
  3961 | D:4      | Learned a level 1 spell: Apportation
  3978 | D:4      | Found a glowing drain.
  4022 | Sewer    | Entered a sewer
  4076 | Sewer    | Reached XP level 7. HP: 54/54 MP: 8/8
  4123 | Sewer    | Reached **** piety under Lugonu
  4220 | Sewer    | Reached skill level 6 in Unarmed Combat
  4886 | D:4      | Found a runed translucent door.
  4887 | D:4      | Noticed Crazy Yiuf
  4896 | D:4      | Killed Crazy Yiuf
  5065 | D:5      | Entered Level 5 of the Dungeon
  5172 | D:5      | Reached skill level 7 in Unarmed Combat
  5284 | D:5      | Found Nuetac's Serpentskin Sales.
  5351 | D:5      | Found a runed translucent door.
  5353 | D:5      | Noticed Gruesph's ghost (novice MiBe)
  5471 | D:5      | Reached ***** piety under Lugonu
  5514 | D:5      | Reached skill level 1 in Dodging
  5514 | D:5      | Reached XP level 8. HP: 52/60 MP: 8/10
  5834 | D:5      | Noticed a troll
  5842 | D:5      | HP: 24/60 [troll (11)]
  5876 | D:5      | HP: 26/60 [troll (5)]
  6214 | D:6      | HP: 18/60 [centaur/arrow (14)]
  6222 | D:6      | HP: 13/60 [centaur (3)]
  6514 | D:6      | HP: 28/61 [electric eel/bolt of electricity (13)]
  6515 | D:6      | HP: 9/61 [electric eel/bolt of electricity (10)]
  6799 | D:6      | HP: 25/61 [electric eel/bolt of electricity (7)]
  7082 | D:6      | Reached skill level 8 in Unarmed Combat
  7313 | D:6      | Found a staircase to the Ecumenical Temple.
  7451 | D:7      | HP: 25/61 [orc priest/divine providence (10)]
  7456 | D:7      | Reached skill level 5 in Fighting
  7922 | D:7      | Gained mutation: You are mostly covered in sharp spines.
                  | [demonic ancestry]
  7922 | D:7      | Reached XP level 9. HP: 60/68 MP: 12/12
  8185 | D:7      | Reached skill level 5 in Invocations
  8575 | D:7      | Reached skill level 9 in Unarmed Combat
  9368 | D:7      | HP: 34/69 [wight/cursed +4 hand axe (1)]
 10066 | D:8      | Noticed a moth of wrath
 10068 | D:8      | Found a bloodstained altar of Trog.
 10442 | D:9      | Noticed a two-headed ogre
 10448 | D:9      | HP: 27/71 [two-headed ogre/+0 giant club (21)]
 10450 | D:9      | Killed a two-headed ogre
 10450 | D:9      | Reached skill level 10 in Unarmed Combat
 10450 | D:9      | Gained mutation: You regenerate a little health from kills.
                  | [demonic ancestry]
 10450 | D:9      | Reached XP level 10. HP: 29/77 MP: 6/15
 10811 | D:9      | Identified the +0 scale mail "Emiesosm" {rElec rPois}
 10816 | D:9      | Reached skill level 5 in Dodging
 10822 | D:9      | Reached ****** piety under Lugonu
 10849 | D:9      | Found a staircase to the Lair.
 10854 | D:9      | Identified Nuopuil's Handbook of Moulding and Intoxication
 11158 | D:10     | Entered Level 10 of the Dungeon
 11224 | D:10     | Reached skill level 1 in Shields
 11828 | D:10     | Learned a level 1 spell: Confusing Touch
 11833 | D:10     | Learned a level 4 spell: Summon Lightning Spire
 11913 | D:10     | Reached skill level 11 in Unarmed Combat
 12115 | Lair:1   | Entered Level 1 of the Lair of Beasts
 12121 | Lair:1   | Gained mutation: You have very sharp fingernails. [demonic
                  | ancestry]
 12121 | Lair:1   | Reached XP level 11. HP: 83/85 MP: 15/17
 12350 | Lair:1   | HP: 62/127 [komodo dragon (11)]
 12356 | Lair:1   | HP: 36/129 [komodo dragon (8)]
 12362 | Lair:1   | HP: 27/129 [komodo dragon (4)]
 12405 | Lair:1   | HP: 27/86 [spiny frog (3)]
 12410 | Lair:1   | HP: 11/86 [spiny frog (6)]
 12730 | Lair:1   | Got a shimmering scale mail
 12741 | Lair:1   | Identified the +4 scale mail of Etirivuola {+Inv Str+4}
                  | (You found it on level 1 of the Lair of Beasts)
 13957 | Lair:2   | Reached skill level 12 in Unarmed Combat
 13957 | Lair:2   | Reached skill level 10 in Invocations
 13962 | Lair:2   | HP: 41/87 [elephant (4)]
 13971 | Lair:2   | HP: 33/87 [elephant (3)]
 13980 | Lair:2   | HP: 20/87 [elephant (7)]
 14369 | Lair:2   | Noticed Sonja
 14371 | Lair:2   | Killed Sonja
 14371 | Lair:2   | Gained mutation: You are robust. (+10% HP) [demonic
                  | ancestry]
 14371 | Lair:2   | Reached XP level 12. HP: 87/103 MP: 19/19
 14838 | Lair:3   | Reached skill level 1 in Evocations
 14965 | Lair:3   | Found a hole to the Spider Nest.
 15186 | Lair:3   | Noticed a five-headed hydra
 15192 | Lair:3   | Killed a five-headed hydra
 15197 | Lair:3   | Found a staircase to the Swamp.
 15694 | Lair:3   | Reached skill level 5 in Shields
 16079 | Spider:1 | Entered Level 1 of the Spider Nest
 16315 | Lair:4   | Reached skill level 5 in Armour
 16721 | Lair:4   | Reached skill level 13 in Unarmed Combat
 16909 | Lair:4   | Noticed Kirke
 16918 | Lair:4   | Noticed a four-headed hydra
 16919 | Lair:4   | Killed Kirke
 16919 | Lair:4   | Reached XP level 13. HP: 110/111 MP: 20/20
 17756 | Lair:5   | Found a runed translucent door.
 17757 | Lair:5   | Found a viscous altar of Jiyva.
 19015 | Lair:5   | Found a staircase to the Slime Pits.
 19105 | Lair:6   | Entered Level 6 of the Lair of Beasts
 19269 | Lair:6   | HP: 38/113 [komodo dragon (19)]
 19701 | Lair:6   | Learned a level 2 spell: Blink
 19737 | Lair:6   | Reached skill level 10 in Fighting
 19914 | Lair:6   | Reached skill level 5 in Evocations
 20376 | Lair:6   | HP: 52/113 [death yak (14)]
 20841 | Lair:6   | HP: 46/113 [death yak (15)]
 20848 | Lair:6   | HP: 46/113 [catoblepas/blast of calcifying dust (1)]
 20853 | Lair:6   | HP: 47/113 [yak (1)]
 21311 | Lair:6   | Reached XP level 14. HP: 82/121 MP: 13/22
 22005 | D:5      | Killed Gruesph's ghost
 22452 | D:11     | Reached skill level 14 in Unarmed Combat
 22969 | D:11     | Identified Sif Muna's Collected Works on Conjuration and
                  | Poisoning
 23050 | D:11     | Found Bentasch's Magic Scroll Boutique.
 23053 | D:11     | Bought a scroll of acquirement for 624 gold pieces
 23053 | D:11     | Bought a scroll of fog for 24 gold pieces
 23058 | D:11     | Got a pair of spiked boots
 23069 | D:11     | Identified the +1 pair of boots "Bumec" {Dex+2} (You
                  | acquired it on level 11 of the Dungeon)
 23449 | D:11     | Bought a scroll of identify for 24 gold pieces
 23450 | D:11     | Bought a scroll of identify for 24 gold pieces
 23450 | D:11     | Bought a scroll of identify for 24 gold pieces
 23452 | D:11     | Bought a scroll of identify for 24 gold pieces
 23547 | D:12     | Found a staircase to the Orcish Mines.
 23862 | D:12     | You fall into a shaft and drop 3 floors!
 23862 | D:15     | Entered Level 15 of the Dungeon
 23862 | D:15     | Noticed Rupert
 23868 | D:15     | Corrupted D:15
 23868 | D:15     | Noticed a tentacled starspawn
 23868 | D:15     | Noticed a deep elf elementalist
 23871 | D:15     | Noticed a starcursed mass
 23875 | D:15     | Noticed an ancient lich
 23884 | D:15     | Killed Rupert
 24124 | D:15     | HP: 61/122 [meliai/divine providence (14)]
 24459 | D:14     | HP: 40/122 [large slime creature (28)]
 24685 | D:14     | Paralysed by fainting for 12 turns
 25020 | D:13     | Found a runed translucent gate.
 25020 | D:13     | Found a runed translucent gate.
 25020 | D:13     | Found a runed translucent gate.
 25022 | D:13     | Noticed Gasan's ghost (journeyman DrFE)
 25022 | D:13     | Noticed Dirphi Vium's ghost (journeyman MiBe)
 25023 | D:13     | Noticed qdestroyer's ghost (journeyman MiFi)
 25023 | D:13     | Noticed Ined's ghost (journeyman MiBe)
 25410 | Orc:1    | Entered Level 1 of the Orcish Mines
 25705 | Orc:1    | Found a roughly hewn altar of Beogh.
 25915 | Orc:1    | HP: 56/122 [sixfirhy[an orc sorcerer] (6)]
 26302 | Orc:1    | Found Keirok's Magic Scroll Shoppe.
 26327 | Orc:1    | Bought a scroll of teleportation for 42 gold pieces
 26339 | Orc:1    | Bought a scroll of blinking for 105 gold pieces
 26339 | Orc:1    | Bought a scroll of blinking for 105 gold pieces
 26472 | Orc:2    | Entered Level 2 of the Orcish Mines
 26674 | Orc:2    | Noticed Donald
 26692 | Orc:1    | Banished Donald
 26951 | Orc:2    | Found a roughly hewn altar of Beogh.
 27019 | Orc:2    | Found Jonehum's Antique Armour Shop.
 27025 | Orc:2    | Bought a sapphire-encrusted chain mail for 266 gold pieces
 27036 | Orc:2    | Identified the +5 chain mail "Hero's Friend" {Dex+3} (You
                  | bought it in a shop on level 2 of the Orcish Mines)
 27395 | Orc:2    | Found a staircase to the Elven Halls.
 27449 | Orc:2    | Found a roughly hewn altar of Beogh.
 27462 | Orc:2    | Noticed Saint Roka
 27463 | Orc:2    | Found Perchuv's Book Shoppe.
 27514 | Orc:1    | HP: 59/122 [troll (3)]
 27514 | Orc:1    | Paralysed by an orc sorcerer for 2 turns
 27518 | Orc:1    | HP: 24/122 [troll (7)]
 27525 | Orc:1    | HP: 21/122 [troll (5)]
 27539 | Orc:1    | HP: 19/122 [troll (6)]
 27952 | Orc:2    | HP: 53/122 [ice devil[an orc warlord] (15)]
 28289 | Orc:2    | Noticed an orc warlord
 28348 | Orc:1    | Killed an orc warlord
 28538 | Orc:2    | Found Akla's Antique Armour Shop.
 28540 | Orc:2    | Found Yrphaguvu's Antique Weapon Boutique.
 28541 | Orc:2    | Found a roughly hewn altar of Beogh.
 29037 | Orc:2    | Found a roughly hewn altar of Beogh.
 29144 | Orc:2    | Found a roughly hewn altar of Beogh.
 29158 | Orc:2    | Found Exuec's General Store.
 29163 | Orc:2    | Bought a wand of digging (7) for 374 gold pieces
 29283 | Orc:2    | HP: 57/122 [Saint Roka/divine providence (12)]
 29287 | Orc:2    | HP: 25/122 [Saint Roka/+0 great sword of electrocution
                  | (21)]
 29303 | Orc:2    | HP: 14/122 [Saint Roka/divine providence (8)]
 29743 | Orc:2    | HP: 61/122 [Saint Roka/divine providence (11)]
 29746 | Orc:2    | HP: 30/122 [Saint Roka/+0 great sword of electrocution
                  | (19)]
 29751 | Orc:2    | HP: 18/122 [Saint Roka/+0 great sword of electrocution
                  | (16)]
 29755 | Orc:2    | HP: 4/122 [Saint Roka/+0 great sword of electrocution (25)]
 29755 | Orc:2    | Mangled by Saint Roka

Levels and vault maps discovered:
D:1:      matt_arrival_refuge, layout_loops_ring, kennysheep_decorative_pillar
D:2:      layout_rooms, dk_yredelemnul_ordeal
D:3:      layout_basic, first_ration, chequers_ecumenical_altar_lobes,
          hex_intersection, minivault_19, uniq_robin
D:4:      layout_loops_ring, portal_sewer_entry_d, uniq_crazy_yiuf_cottage,
          uniq_grinder
D:5:      layout_basic, ebering_ghost_reflecting_pool, st_stairs_4,
          guppyfry_shop_venom
D:6:      layout_rooms, minmay_temple_entry_gardened_gates, serial_bayou_ford_a
D:7:      layout_basic, grunt_ogre_cave
D:8:      layout_loops_ring, tgw_trog
D:9:      layout_loops_ring, minmay_lair_entry_grove
D:10:     layout_irregular_city
D:11:     layout_basic, serial_shops, kennysheep_mini_moat
D:12:     layout_roguey, david_orc_2, minmay_rotating_lava
D:13:     nicolae_whirlpool, layout_cave_pools, erik_vaults_1,
          gammafunk_ghost_cemetery, basic_altar
D:14:     layout_basic, basic_altar, minivault_19, serial_shops, shop
D:15:     grunt_enter_depths_giant_problem, layout_layer_cave,
          nicolae_trove_entry_crossroad, uniq_rupert
Lair:1:   layout_roguey, beast_lair_carwin_2
Lair:2:   layout_long_grid, uniq_sonja
Lair:3:   layout_loops_ring, swamp_mist_pool, dummy_spider_entry
Lair:4:   layout_regular_city, uniq_kirke
Lair:5:   dpeg_oklob_gauntlet, layout_cave_shapes, slime_altar_2, ice2_lemuel,
          lemuel_fruit_tree, infiniplex_staircase_pool_2
Lair:6:   evilmike_catoblepas_cave, layout_gridlike
Spider:1: spiders_nest_scorpion_pit
Orc:1:    layout_caves, serial_shops, shop, mines2_david
Orc:2:    grunt_orc_community_town_hall, layout_caves,
          grunt_orc_community_big_house_2, grunt_orc_community_big_house_2,
          grunt_orc_community_house_1, grunt_orc_community_house_2,
          grunt_orc_community_house_3, grunt_orc_community_house_2,
          grunt_orc_community_house_2, grunt_orc_community_house_1,
          serial_shops, nicolae_shop_waterfront, uniq_saint_roka, uniq_donald

Skill      XL: |  1  2  3  4  5  6  7  8  9 10 11 12 13 14 |
---------------+-------------------------------------------+-----
Axes           | 2 3 |  3.1
Fighting       | 4 5 6 7 8 9 10 | 10.8
Unarmed Combat | 2 5 7 8 10 11 12 13 14 | 14.6
Dodging        | 1 2 4 5 6 7 |  7.7
Invocations    | 4 7 8 10 11 12 | 12.5
Shields        | 2 4 5 6 7 |  7.7
Armour         | 4 5 6 7 |  7.5
Evocations     | 3 5 6 |  6.8

Action                   |  1- 3 |  4- 6 |  7- 9 | 10-12 | 13-15 || total
-------------------------+-------+-------+-------+-------+-------++-------
Melee: Hand axe          |    79 |    77 |       |     4 |       ||   160
       Punch             |       |     2 |    11 |     3 |       ||    16
       Unarmed           |       |    73 |   449 |   594 |  1235 ||  2351
Throw: Throwing net      |       |       |       |     1 |     1 ||     2
Invok: Banish            |       |       |       |       |     2 ||     2
       Corrupt           |       |       |       |       |     1 ||     1
Evoke: Wand              |       |       |     5 |     2 |    13 ||    20
       Lamp of fire      |       |       |       |     1 |     2 ||     3
       Phantom mirror    |       |       |       |       |     2 ||     2
  Use: Scroll            |       |     8 |     9 |     7 |    13 ||    37
       Potion            |       |       |       |     2 |     2 ||     4
 Stab: Sleeping          |       |     1 |     1 |       |       ||     2
       Held in net/web   |       |       |       |     1 |       ||     1
  Eat: Chunk             |     3 |     7 |    16 |    13 |    35 ||    74
       Ration            |       |       |     1 |     4 |     2 ||     7
Armor: Leather armour    |    41 |    43 |   135 |    14 |       ||   233
       Scale mail        |       |       |       |   221 |   279 ||   500
       Plate armour      |       |       |       |    14 |       ||    14
       Skin              |       |       |       |     5 |       ||     5
       Chain mail        |       |       |       |       |    81 ||    81
Dodge: Dodged            |    50 |    69 |   214 |   251 |   275 ||   859
       Deflected         |       |       |       |       |    22 ||    22
Block: Buckler           |       |       |       |   106 |       ||   106
       Large shield      |       |       |       |    58 |  1032 ||  1090
